 Dungeon Crawl Stone Soup version 0.31-a0-365-gcf821cafb2 (webtiles) character file.

Game seed: 12366731496272071343

2277 Newt the Skirmisher (level 9, -5/54 HPs)
             Began as a Kobold Hunter on July 28, 2023.
             Shot with an arrow by a centaur (14 damage)
             ... on level 7 of the Dungeon.
             The game lasted 00:06:45 (5320 turns).

Newt the Skirmisher (Kobold Hunter)                 Turns: 5320, Time: 00:06:45

Health: -5/54      AC:  3    Str:  8    XL:     9   Next: 66%
Magic:  13/13      EV: 22    Int: 11    God:
Gold:   321        SH:  0    Dex: 22    Spells: 12/14 levels left

rFire   . . .        h - +1 sling (heavy)
rCold   . . .        (no shield)
rNeg    . . .        c - +0 leather armour
rPois   .            (helmet currently unavailable)
rElec   .            q - melded +1 cloak {rPois}
rCorr   .            j - melded +0 pair of gloves "Qorykepsiph" {Regen+}
SInv    .            (boots currently unavailable)
Will    .....        (no amulet)
Stlth   +++          r - +5 ring of evasion
HPRegen 0.29/turn    (no ring)
MPRegen 0.13/turn

%: no passive effects
@: beast-form
A: beast (slay +4), small, no large weapons, nightstalker 3
a: Begin Untransformation


You were on level 7 of the Dungeon.
You were a hulking beast.
You visited 1 branch of the dungeon, and saw 7 of its levels.

You collected 321 gold pieces.

Inventory:

Hand Weapons
 a - a +0 shortbow
 h - a +1 heavy sling (weapon)
Armour
 c - a +0 leather armour (worn)
 j - the +0 pair of gloves "Qorykepsiph" (melded) {Regen+}
   (You found it on level 2 of the Dungeon)

   Regen:     It increases your rate of health regeneration.
 n - the +4 ring mail of the Gravedigger {rPois Dex-3 Stlth+}
   (You found it on level 3 of the Dungeon)

   Dex:       It affects your dexterity (-3).
   rPois:     It protects you from poison.
   Stlth:     It makes you more stealthy.
 q - a +1 cloak of poison resistance (melded)
 E - a +8 chain mail of ponderousness
Jewellery
 r - a +5 ring of evasion (left hand)
 s - a ring of fire
Talismans
 x - a beast talisman
Wands
 y - a wand of mindburst (12)
 z - a wand of paralysis (5)
Scrolls
 b - a scroll of butterflies
 g - 3 scrolls of poison
 i - 2 scrolls of teleportation
 t - a scroll of immolation
 u - 2 scrolls of amnesia
 v - 3 scrolls of fog
 w - 2 scrolls of blinking
 A - a scroll of enchant armour {unknown}
 B - a scroll of identify
 C - a scroll of silence {unknown}
 D - a scroll of vulnerability {unknown}
Potions
 d - 2 potions of lignification
 e - a potion of degeneration
 f - 3 potions of curing
 k - a potion of brilliance
 l - 2 potions of resistance {unknown}
 m - a potion of might {unknown}
 o - 3 potions of haste {unknown}
 p - a potion of mutation {unknown}


   Skills:
 - Level 5.0 Fighting
 - Level 10.0 Ranged Weapons
 - Level 5.0 Dodging
 - Level 1.3 Stealth
 + Level 3.2 Spellcasting
 + Level 3.1 Transmutations
 - Level 6.0 Shapeshifting


You had 12 spell levels left.
You knew the following spells:

 Your Spells              Type           Power      Damage    Failure   Level
a - Wereblood             Tmut           8%         N/A       16%         2

Your spell library contained the following spells:

 Spells                   Type           Power      Damage    Failure   Level
 Passwall                 Tmut/Erth      4%         N/A       30%         2
 Sandblast                Erth           2%         2d4       36%         1
 Static Discharge         Conj/Air       2%         2-3/arc   50%         2
 Stone Arrow              Conj/Erth      2%         3d7       75%         3
 Airstrike                Air            0%         2d(1-17)  98%         4
 Summon Lightning Spire   Summ/Air       1%         N/A       98%         4
 Irradiate                Conj/Tmut      2%         3d12      99%         5
 Haunt                    Necr/Summ      0%         N/A       100%        7
 Borgnjor's Revivificati  Necr           0%         N/A       100%        8
 Death's Door             Necr           0%         N/A       100%        9


Dungeon Overview and Level Annotations

Branches:
Dungeon (7/15)
 Temple: D:4-7

Altars:
Elyvilon
Ru
Sif Muna
Xom
The Shining One


Innate Abilities, Weirdness & Mutations

You are a hulking beast.
Your limbs bulge with bestial killing power. (Slay +4)
You are small and have problems with some larger weapons.
You are completely attuned to the shadows.


Message History

A bullfrog comes into view.
You shoot a sling bullet. The bullfrog croaks.
The sling bullet hits the bullfrog.
The bullfrog is severely wounded.
You hear an angry hiss.
You hear a shout! x3
The bullfrog closely misses you.
An iguana comes into view.
The bullfrog hits you.
You shoot a sling bullet. The sling bullet hits the bullfrog!!
You kill the bullfrog!
A centaur comes into view.
The centaur wields a +0 orcbow.
The centaur shoots an arrow.
The arrow closely misses you. The bullfrog closely misses you.
Your Spellcasting skill increases to level 3!
Your Transmutations skill increases to level 3!
You shoot a sling bullet.
The sling bullet closely misses the bullfrog.
The bullfrog barely misses you.
The centaur shoots an arrow.
The arrow hits you.
The bullfrog swells and bulges.
The bullfrog barely misses you.
The centaur shoots an arrow.
The arrow closely misses you.
You shoot a sling bullet. The sling bullet hits the bullfrog!
The bullfrog is heavily wounded.
The bullfrog barely misses you.
The centaur shoots an arrow.
The arrow closely misses you. The iguana bites you! The bullfrog hits you.
The centaur shoots an arrow.
The arrow barely misses you. The iguana closely misses you.
You shoot a sling bullet. The sling bullet hits the bullfrog!
You kill the bullfrog!
The centaur shoots an arrow.
The arrow hits you.
The centaur shoots an arrow.
The arrow hits you!
* * * LOW HITPOINT WARNING * * *
The iguana bites you!
* * * LOW HITPOINT WARNING * * *
An ice beast comes into view.
The centaur shoots an arrow.
The arrow completely misses you. The iguana barely misses you.
The centaur shoots an arrow.
The arrow hits you!
You die...

##..##.c
##....#..
.........
.......#
.Y..hl.#
.........
.........
.........
.........


You could see an ice beast, a centaur and an iguana.

Vanquished Creatures
  Grinder (D:6)
  Eustachio (D:5)
  Duvessa (D:5)
  2 water moccasins
  A black bear (D:4)
  An ice beast (D:5)
  3 ogres
  A phantom (D:5)
  2 centaurs
  2 bullfrogs (D:7)
  2 scorpions
  Dowan (D:5)
  A crimson imp (D:5)
  2 jellies
  2 hounds
  3 orc priests
  Crazy Yiuf (D:3)
  5 iguanas
  A sleepcap (D:6)
  8 gnolls (D:4)
  6 adders
  2 white imps
  2 worms (D:3)
  2 dart slugs (D:2)
  10 orcs
  9 ball pythons
  8 bats
  12 endoplasms
  2 giant cockroaches (D:3)
  2 goblins (D:1)
  6 hobgoblins
  3 jackals (D:2)
  6 quokkas
  2 frilled lizards
  4 kobolds
  6 rats
  A spectral kobold (D:2)
124 creatures vanquished.

Notes
Turn   | Place    | Note
-------+----------+-------------------------------------------
     0 | D:1      | Newt the Kobold Hunter began the quest for the Orb.
     0 | D:1      | Reached XP level 1. HP: 12/12 MP: 1/1
   109 | D:1      | Reached XP level 2. HP: 18/18 MP: 2/2
   646 | D:2      | Reached XP level 3. HP: 12/23 MP: 3/3
   722 | D:2      | Identified the +0 pair of gloves "Qorykepsiph" {Regen+}
   941 | D:2      | Reached XP level 4. HP: 30/30 MP: 4/4
  1102 | D:2      | Found a faded altar of an unknown god.
  1288 | D:3      | Identified the +3 short sword of the Trees {vamp, +Blink
                  | rF+ Int-2 Dex+3}
  1293 | D:3      | Identified the +4 ring mail of the Gravedigger {rPois Dex-3
                  | Stlth+}
  1356 | D:3      | Reached skill level 5 in Fighting
  1425 | D:3      | Found a runed translucent door.
  1428 | D:3      | Noticed Crazy Yiuf
  1430 | D:3      | Killed Crazy Yiuf
  1431 | D:3      | Reached skill level 6 in Ranged Weapons
  1431 | D:3      | Reached XP level 5. HP: 35/35 MP: 5/5
  1577 | D:3      | Found a white marble altar of Elyvilon.
  1577 | D:3      | Found a glowing golden altar of the Shining One.
  1927 | D:4      | Reached skill level 7 in Ranged Weapons
  1927 | D:4      | Reached XP level 6. HP: 40/40 MP: 6/6
  2171 | D:4      | Reached skill level 8 in Ranged Weapons
  2258 | D:4      | Noticed a black bear
  2270 | D:4      | Killed a black bear
  2271 | D:4      | Reached skill level 9 in Ranged Weapons
  2271 | D:4      | Reached XP level 7. HP: 12/44 MP: 7/7
  2591 | D:5      | Entered Level 5 of the Dungeon
  2666 | D:5      | Noticed Eustachio
  2669 | D:5      | Reached skill level 10 in Ranged Weapons
  2682 | D:5      | Killed Eustachio
  2683 | D:5      | Reached XP level 8. HP: 37/49 MP: 8/8
  2826 | D:5      | Noticed Dowan
  2855 | D:5      | Noticed Duvessa
  2859 | D:5      | Killed Duvessa
  2860 | D:5      | Reached skill level 5 in Dodging
  2860 | D:5      | Reached skill level 1 in Shapeshifting
  2862 | D:5      | Killed Dowan
  3312 | D:5      | Found a shimmering blue altar of Sif Muna.
  3505 | D:5      | Reached XP level 9. HP: 49/54 MP: 9/9
  3540 | D:5      | Reached skill level 5 in Shapeshifting
  3756 | D:5      | Found a shimmering altar of Xom.
  3756 | D:5      | Found a sacrificial altar of Ru.
  4555 | D:6      | Reached skill level 1 in Spellcasting
  4555 | D:6      | Reached skill level 1 in Transmutations
  4702 | D:6      | Noticed Grinder
  4705 | D:6      | Killed Grinder
  4721 | D:6      | Learned a level 2 spell: Wereblood
  5320 | D:7      | Shot with an arrow by a centaur

Illustrated notes

Levels and vault maps discovered:
D:1:      minmay_arrival_three_doors, layout_basic
D:2:      layout_rooms, dreamdust_ecumenical_altar_drowned_temple,
          minmay_heptomino_h4
D:3:      layout_rooms, nicolae_overflow_two_pavilions, uniq_crazy_yiuf_cottage
D:4:      layout_cave_pools, kennysheep_crisscross, kennysheep_generic_room_5
D:5:      layout_layer_cave, nicolae_sif_muna_little_library,
          gammafunk_temple_overflow_elements, minmay_fire_ice_demons,
          uniq_duvessa, uniq_eustachio
D:6:      layout_gridville, uniq_grinder
D:7:      layout_cave_pools, minmay_temple_entry_butterflies,
          kennysheep_generic_room_11

Skill      XL: |  1  2  3  4  5  6  7  8  9 |
---------------+----------------------------+-----
Fighting       | 3 4 5 |  5.0
Ranged Weapons | 6 7 9 10 | 10.0
Dodging        | 4 5 |  5.0
Shapeshifting  | 4 6 |  6.0
Spellcasting   | 3 |  3.2
Transmutations | 3 |  3.1
Stealth        | |  1.3

Action                     |  1- 3 |  4- 6 |  7- 9 || total
---------------------------+-------+-------+-------++-------
   Fire: Shortbow          |    26 |       |       ||    26
         Sling             |    42 |   125 |   162 ||   329
   Cast: Wereblood         |       |       |     1 ||     1
    Use: Scroll            |     6 |     5 |     1 ||    12
         Potion            |       |     1 |       ||     1
 Armour: Leather armour    |    25 |    42 |    16 ||    83
  Dodge: Dodged            |    67 |    95 |   120 ||   282
   Form: Beast             |       |       |     1 ||     1

Table legend: (Time is in decaauts)
 A = Elapsed time spent in this place.
 B = Non-inter-level travel time spent in this place.
 C = Inter-level travel time spent in this place.
 D = Time resting spent in this place.
 E = Time spent auto-exploring this place.
 F = Levels seen in this place.
 G = Mean time per level.
                   A        B        C        D        E       F      G
               +--------+--------+--------+--------+--------+-----+--------+
         Total |   5513 |   5217 |    296 |    308 |   4038 |   7 |  787.6 |
       Dungeon |   5513 |   5217 |    296 |    308 |   4038 |   7 |  787.6 |
               +--------+--------+--------+--------+--------+-----+--------+

Top non-repeatable levels by time:
     D:5: 1619 daAuts
     D:6: 1086 daAuts
     D:4: 788 daAuts
     D:3: 689 daAuts
     D:2: 684 daAuts
     D:1: 635 daAuts
     D:7: 9 daAuts
